 Seeded DCSS version 0.26-a0-43-g20b394c (webtiles) character file.

Game seed: 11301349378719138389

120 Auros the Grappler (level 5, 0/45 HPs)
             Began as a Ghoul Monk on June 2, 2020.
             Was a Believer of Vehumet.
             Slain by an ogre
             ... wielding a +0 giant spiked club
              (15 damage)
             ... on level 4 of the Dungeon.
             The game lasted 00:04:48 (944 turns).

Auros the Grappler (Ghoul Monk)                      Turns: 944, Time: 00:04:48

Health: 0/45       AC:  3    Str: 15    XL:     5   Next: 4%
Magic:  0/4        EV: 12    Int:  6    God:    Vehumet [**....]
Gold:   73         SH:  0    Dex: 11    Spells: 3/4 levels left

rFire    . . .     SeeInvis .     - Unarmed
rCold    + . .     Gourm    .   (no shield)
rNeg     + + +     Faith    .   a - +0 robe
rPois    ∞         Spirit   .   (no helmet)
rElec    .         Reflect  .   h - +0 cloak
rCorr    .         Harm     .   (no gloves)
MR       .....                  (no boots)
Stlth    ++........             (no amulet)
HPRegen  0.00/turn              (no ring)
MPRegen  0.09/turn              (no ring)

@: very slightly contaminated, rotting
A: rotting body, claws 1, carnivore, cold resistance 1, negative energy
resistance 3, inhibited regeneration, torment resistance, unbreathing
a: Renounce Religion


You were on level 4 of the Dungeon.
You worshipped Vehumet.
Vehumet was pleased with you.
You were not hungry.

You visited 2 branches of the dungeon, and saw 5 of its levels.

You collected 73 gold pieces.

Inventory:

Missiles
 Z - 10 stones (quivered)
Armour
 a - a +0 robe (worn)
 h - a +0 cloak (worn)
 i - a +0 cloak
Scrolls
 b - a scroll of remove curse {unknown}
 d - a scroll of fog {unknown}
 f - a scroll of teleportation {unknown}
 j - a scroll of identify {unknown}
Potions
 e - a potion of lignification {unknown}
 g - a potion of experience
Comestibles
 c - 5 chunks of flesh
 z - a ration


   Skills:
 - Level 3.3 Fighting
 - Level 2.7 Dodging
 - Level 2.2 Stealth
 + Level 10.9 Unarmed Combat


You had 3 spell levels left.
You knew the following spells:

 Your Spells              Type           Power        Failure   Level  Hunger
a - Sandblast             Erth           #.....       45%         1    ##.....
Your spell library was empty.

Dungeon Overview and Level Annotations

Branches:
Dungeon (4/15)             Temple (1/1) D:4

Altars:
Cheibriados
Elyvilon
Fedhas
Gozag
Makhleb
Nemelex Xobeh
Sif Muna
Vehumet
Wu Jian
Zin


Innate Abilities, Weirdness & Mutations

Your body is rotting away.
You thrive on raw meat.
You are immune to poison.
You have sharp fingernails.
You are carnivorous and can eat meat at any time.
Your flesh is cold resistant. (rC+)
You are immune to negative energy. (rN+++)
You do not regenerate when monsters are visible.
You are immune to unholy pain and torment.
You can survive without breathing.


Message History

Z - 12 stones
Casting: Sandblast (safe; 45% risk of failure)
Confirm with . or Enter, or press ? or * to list all spells.
Aiming: Sandblast (safe; 45% risk of failure)
Press: ? - help, Shift-Dir - straight line, f/p - ogre
Aim: an ogre, wielding a +0 giant spiked club (lightly wounded)
The blast of sand hits the ogre.
The ogre is moderately wounded.
Z - 11 stones The ogre closely misses you.
Casting: Sandblast (safe; 45% risk of failure)
Confirm with . or Enter, or press ? or * to list all spells.
Aiming: Sandblast (safe; 45% risk of failure)
Press: ? - help, Shift-Dir - straight line, f/p - ogre
Aim: an ogre, wielding a +0 giant spiked club (moderately wounded)
The blast of sand hits the ogre.
The ogre is heavily wounded.
Z - 10 stones The ogre hits you with a +0 giant spiked club!
You die...

.....# ......#.......##.##...#.#
.....# ......#.....#.##.######.#
.....#####........###.#.##.##.....#
$.....#........... #....##.##.#####
......#.....##.... #............#
......#.....##....##....#.###.#.#
............##............# #...#
..##........######O......## ##### .
#.[......##...@.......#
#...%######.......#####
#...%##...........#
..##.................#
.......†.............#
.....##........#######
.....##........# #######...######
#...##


You could see an ogre.

Vanquished Creatures
  An orc priest (D:4)
  An iguana (D:4)
  2 oozes
  A dart slug (D:4)
  2 leopard geckos
  2 bats (D:3)
  2 giant cockroaches
  3 goblins
  A hobgoblin (D:3)
  3 jackals (D:4)
  A quokka (D:4)
  A kobold (D:1)
20 creatures vanquished.

Notes
Turn   | Place    | Note
-------+----------+-------------------------------------------
     0 | D:1      | Auros the Ghoul Monk began the quest for the Orb.
     0 | D:1      | Reached XP level 1. HP: 19/19 MP: 0/0
    54 | D:1      | Reached XP level 2. HP: 15/26 MP: 1/1
    61 | D:1      | You fall into a shaft and drop 1 floor!
   248 | D:2      | Reached skill level 4 in Unarmed Combat
   506 | D:3      | Reached skill level 10 in Unarmed Combat
   506 | D:3      | Reached XP level 3. HP: 30/31 MP: 2/2
   625 | D:3      | Reached XP level 4. HP: 38/38 MP: 3/3
   759 | D:4      | Found a staircase to the Ecumenical Temple.
   771 | Temple   | Entered the Ecumenical Temple
   848 | Temple   | Became a worshipper of Vehumet
   848 | Temple   | Reached * piety under Vehumet
   848 | Temple   | Offered knowledge of Sandblast by Vehumet.
   848 | Temple   | Reached ** piety under Vehumet
   874 | D:4      | Noticed an ogre
   883 | D:4      | Learned a level 1 spell: Sandblast
   890 | D:4      | Reached XP level 5. HP: 41/45 MP: 2/4
   900 | D:4      | Offered knowledge of Freeze by Vehumet.
   944 | D:4      | Slain by an ogre

Illustrated notes

Levels and vault maps discovered:
D:1:      roderic_crop_circles_arrival_small, layout_basic, st_stairs_6
D:2:      layout_loops_cross, nicolae_tso_swordbearing_angel, marbit_many_paths,
          first_ration
D:3:      layout_loops_ring, uniq_sigmund, uniq_terence
D:4:      layout_basic, nicolae_overflow_hidden_temple, grunt_dithmenos_shadows,
          minmay_temple_entry_proselytizer
Temple:   zaba_magenta_temple

Skill      XL: |  1  2 |
---------------+-------+-----
Unarmed Combat | 10 | 10.9
Fighting       | |  3.3
Dodging        | |  2.7
Stealth        | |  2.2

Action                   |  1- 3 |  4- 6 || total
-------------------------+-------+-------++-------
Melee: Unarmed           |    32 |    15 ||    47
       Punch             |     1 |       ||     1
 Cast: Sandblast         |       |     4 ||     4
  Use: Potion            |     1 |       ||     1
 Stab: Sleeping          |     1 |     1 ||     2
  Eat: Chunk             |     2 |       ||     2
Armor: Robe              |    11 |     1 ||    12
Dodge: Dodged            |    24 |     8 ||    32

Table legend:
 A = Non-vault XP
 B = Vault XP
 C = Vault XP percentage of total XP
 D = Non-vault monster count
 E = Vault monster count
 F = Vault count percentage of total count
                 A         B        C        D         E       F
            +---------+---------+-------+---------+---------+-------
      Total |      86 |      40 |  31.7 |      19 |       1 |   5.0
            +---------+---------+-------+---------+---------+-------
        D:1 |      10 |       0 |   0.0 |       3 |       0 |   0.0
        D:2 |       5 |       0 |   0.0 |       2 |       0 |   0.0
        D:3 |      22 |       0 |   0.0 |       8 |       0 |   0.0
        D:4 |      49 |      40 |  44.9 |       6 |       1 |  14.3
            +---------+---------+-------+---------+---------+-------
